 Dungeon Crawl Stone Soup version 0.28.0-53-g5a82cb258f (webtiles) character file.

Game seed: 16537981031068151882

14452 MisterFreud the Transmogrifier (level 11, -1/106 HPs)
             Began as a White Draconian Transmuter on July 17, 2022.
             Was an Initiate of Gozag.
             Slain by a yak (10 damage)
             ... in an ice cave.
             The game lasted 00:23:39 (17657 turns).

MisterFreud the Transmogrifier (DrTm)              Turns: 17657, Time: 00:23:41

Health: -1/106     AC:  8    Str: 13    XL:     11   Next: 88%
Magic:  0/20       EV: 16    Int: 16    God:    Gozag
Gold:   510        SH:  0    Dex: 25    Spells: 3/22 levels left

rFire   x . .      SeeInvis .     - Unarmed
rCold   + + +      Faith    .   (shield currently unavailable)
rNeg    . . .      Spirit   +   (armour unavailable)
rPois   +          Reflect  .   (helmet currently unavailable)
rElec   .          Harm     .   (cloak currently unavailable)
rCorr   .          Rampage  .   (gloves currently unavailable)
Will    .....                   (boots currently unavailable)
Stlth   ++........              j - amulet of guardian spirit
HPRegen 0.27/turn               n - +6 ring of dexterity
MPRegen 0.17/turn               K - ring of Heteghut {Dex+6 Slay+3}

@: ice-form, gold aura
A: freezing attack, amphibious, boosted hp, (breathe frost), AC +7, large,
unfitting armour, (cold resistance 1), (cold-blooded)
a: End Transformation, Renounce Religion, Potion Petition, Call Merchant, Bribe
Branch


You were in an ice cave.
You worshipped Gozag.
Gozag was pleased with you.
You were a creature of crystalline ice.
You visited 2 branches of the dungeon, and saw 13 of its levels.
You also visited: Sewer and Ice Cave.

You collected 1599 gold pieces.
You spent 975 gold pieces at shops.
You paid 114 gold pieces to Gozag.

Inventory:

Hand Weapons
 i - a +3 spear of flaming
Missiles
 l - 7 boomerangs
 q - 3 curare-tipped darts
 r - 21 poisoned darts
 s - 3 silver boomerangs
 y - a throwing net
 F - 6 silver javelins
 J - 5 atropa-tipped darts
Armour
 h - a +1 pair of boots (melded)
 N - a +0 cloak
Jewellery
 j - an amulet of guardian spirit (around neck)
 m - a ring of fire
 n - a +6 ring of dexterity (left front paw)
 D - a ring of flight
 G - a ring of positive energy
 K - the ring of Heteghut (right front paw) {Dex+6 Slay+3}
   (You bought it in a shop on level 2 of the Dungeon)

   [ring of dexterity]

   Dex:       It affects your dexterity (+6).
   Slay:      It affects your accuracy & damage with ranged weapons and melee
   (+3).
Wands
 b - a wand of paralysis (2)
 o - a wand of flame (3)
 E - a wand of charming (8)
 H - a wand of digging (7)
Scrolls
 c - 2 scrolls of enchant weapon
 d - 3 scrolls of identify
 k - 2 scrolls of vulnerability
 p - 5 scrolls of blinking
 v - 2 scrolls of magic mapping
 w - a scroll of fog
 x - a scroll of silence
 A - 3 scrolls of enchant armour
 C - 4 scrolls of teleportation
 L - a scroll of fear
Potions
 a - a potion of might
 e - 2 potions of attraction
 f - a potion of ambrosia
 g - a potion of cancellation
 t - 2 potions of flight
 u - 5 potions of brilliance
 z - 2 potions of invisibility
 B - a potion of lignification
 I - a potion of berserk rage
 M - a potion of curing


   Skills:
 - Level 6.0 Fighting
 - Level 8.0 Dodging
 + Level 9.1 Unarmed Combat
 - Level 6.0 Spellcasting
 - Level 4.0 Conjurations
 - Level 12.0 Transmutations
 - Level 4.0 Ice Magic


You had 3 spell levels left.
You knew the following spells:

 Your Spells              Type           Power      Damage    Failure   Level
a - Ice Form              Ice/Tmut       30%        N/A       4%          4
b - Wereblood             Tmut           43%        N/A       1%          2
c - Spider Form           Tmut/Pois      24%        N/A       3%          3
d - Irradiate             Conj/Tmut      15%        3d19      14%         5
e - Blade Hands           Tmut           21%        N/A       2%          5

Your spell library contained the following spells:

 Spells                   Type           Power      Damage    Failure   Level
 Beastly Appendage        Tmut           86%        N/A       1%          1
 Sting                    Tmut/Pois      96%        1d7       1%          1
 Passwall                 Tmut/Erth      20%        N/A       1%          2
 Freeze                   Ice            68%        1d8       2%          1
 Foxfire                  Conj/Fire      44%        2x1d6     6%          1
 Frozen Ramparts          Ice            34%        1d5       8%          3
 Ensorcelled Hibernation  Hex/Ice        22%        N/A       9%          2
 Poisonous Vapours        Pois/Air       8%         N/A       21%         2
 Gell's Gravitas          Tloc           4%         N/A       38%         3
 Swiftness                Air            4%         N/A       38%         3
 Teleport Other           Tloc           4%         N/A       38%         3
 Hailstorm                Conj/Ice       17%        3d6       26%         4
 Dragon Form              Tmut           21%        N/A       63%         7
 Olgreb's Toxic Radiance  Pois           4%         N/A       80%         4
 Passage of Golubria      Tloc           4%         N/A       80%         4
 Fireball                 Conj/Fire      5%         3d5       86%         5
 Silence                  Hex/Air        2%         N/A       98%         5
 Dispersal                Tloc           2%         N/A       100%        6
 Starburst                Conj/Fire      5%         6d4       100%        6
 Ignition                 Fire           2%         3d3       100%        8
 Lehudib's Crystal Spear  Conj/Erth      5%         10d3      100%        8


Dungeon Overview and Level Annotations

Branches:
Dungeon (12/15)            Temple (1/1) D:6            Lair (0/6) D:9
    Orc (0/2) D:9           Sewer (visited)           IceCv (1/1)

Altars:
Ashenzari
Cheibriados
Dithmenos
Elyvilon
Gozag
Hepliaklqana
Kikubaaqudgha
Makhleb
Nemelex Xobeh
Okawaru
Qazlal
Sif Muna
Uskayaw
Vehumet
Wu Jian
Xom
Yredelemnul
Zin

Shops:
D:1 [=   D:2 =   D:5 *   D:11 [=

Annotations:
D:7 3 runed translucent doors, MarshatheCat's ghost, novice FeCj


Innate Abilities, Weirdness & Mutations

You are a creature of crystalline ice.
You have a powerful freezing melee attack.
You are amphibious.
Your maximum health is increased.
Your armour is entirely melded.
You are incapable of wielding weapons or throwing items.
((You can breathe waves of freezing cold which knock back foes.))
((Your icy white scales are hard. (AC +7)))
You cannot fit into any form of body armour.
((Your flesh is cold resistant. (rC+)))
((You are cold-blooded and may be slowed by cold attacks.))


Message History

You punch the polar bear!
The polar bear is severely wounded.
The polar bear is no longer distracted by gold.
The polar bear misses you.
The polar bear claws you but does no damage. x2
The yak gores you.
The polar bear bites you but does no damage.
The polar bear claws you. The polar bear misses you.
You punch the polar bear!
You kill the polar bear!
Unknown command.
You punch the polar bear! You freeze the polar bear.
The polar bear is moderately wounded.
The yak gores you. The polar bear closely misses you.
The polar bear misses you.
The polar bear claws you but does no damage.
You punch the polar bear!
The polar bear is severely wounded.
The yak gores you!
The polar bear goes berserk!
You barely miss the polar bear.
The polar bear is severely wounded.
The polar bear closely misses you. The polar bear misses you.
The polar bear barely misses you. The yak gores you but does no damage.
Unknown command.
You barely miss the polar bear.
The polar bear is severely wounded.
The polar bear bites you but does no damage.
The polar bear claws you but does no damage. x2
The yak gores you but does no damage. The polar bear barely misses you.
The polar bear claws you but does no damage.
The polar bear claws you.
You hit the polar bear.
The polar bear is severely wounded.
The polar bear bites you!!
* * * LOW HITPOINT WARNING * * *
The polar bear barely misses you. The polar bear claws you.
* * * LOW HITPOINT WARNING * * *
The yak gores you!
You die...
Your body crumbles into a pile of gold.

. #. .# ### §## ##.##
○°# ##...## # §§# ###
##.....### .#
.####.###..#.#...#..#
##........###.#.YY..#
..∩.....###..###$h.##
∩....#.###$#. #####
.####### # $ ## [#$
##


You could see a polar bear (berserk) and a yak.

Vanquished Creatures
  A boulder beetle (D:11)
  A hydra (D:11)
  A centaur warrior (D:11)
  2 two-headed ogres
  A deep elf pyromancer (D:12)
  2 cyclopes
  A gargoyle (D:11)
  A troll (D:11)
  A polar bear (IceCv)
  Prince Ribbit (D:5)
  A hornet (D:11)
  4 wyverns (D:9)
  A shadow (D:9)
  3 wraiths
  2 basilisks
  6 yaks
  A vampire (D:9)
  4 vampire mosquitoes (D:10)
  A steam dragon (D:8)
  2 water moccasins (D:9)
  An acid dragon (D:12)
  Duvessa (D:4)
  7 orc warriors
  2 black bears (D:9)
  An ice beast (D:6)
  A necrophage (D:8)
  5 wolves
  2 ogres
  8 centaurs
  3 phantoms
  Blork the orc (D:4)
  4 kobold brigands
  8 bullfrogs
  A gnoll sergeant (D:11)
  A wyvern zombie (D:7)
  3 scorpions
  Dowan (D:4)
  3 killer bees (D:9)
  A howler monkey (D:9)
  5 hounds
  4 centaur zombies
  2 jellies
  4 orc priests
  Terence (D:2)
  An iguana (D:9)
  3 orc wizards
  A killer bee zombie (D:8)
  A hound skeleton (D:4)
  2 howler monkey zombies
  16 gnolls
  A river rat (Sewer)
  4 adders
  A shadow imp (D:6)
  A white imp (D:7)
  2 ufetubi (D:5)
  An adder skeleton (D:4)
  6 worms
  3 dart slugs
  24 orcs
  12 bats
  6 endoplasms
  3 giant cockroaches
  11 goblins
  6 hobgoblins
  2 jackals (Sewer)
  37 kobolds
  4 quokkas
  6 ball pythons
  4 frilled lizards
  7 rats
272 creatures vanquished.

Vanquished Creatures (others)
  4 fungi
  42 plants
46 creatures vanquished.

Grand Total: 318 creatures vanquished

Notes
Turn   | Place    | Note
-------+----------+-------------------------------------------
     0 | D:1      | MisterFreud the Draconian Transmuter began the quest for
                  | the Orb.
     0 | D:1      | Reached XP level 1. HP: 16/16 MP: 3/3
    87 | D:1      | Found Cyvyow's Jewellery Emporium.
   250 | D:1      | Reached XP level 2. HP: 22/23 MP: 3/5
   463 | D:1      | Reached skill level 3 in Transmutations
   603 | D:1      | Found Usyuc's Antique Armour Emporium.
  1042 | D:1      | Reached XP level 3. HP: 15/28 MP: 4/6
  1053 | D:1      | Learned a level 2 spell: Wereblood
  1057 | D:1      | Learned a level 3 spell: Spider Form
  1619 | D:2      | Noticed Terence
  1667 | D:2      | Killed Terence
  1668 | D:2      | Reached skill level 4 in Transmutations
  1770 | D:2      | Reached XP level 4. HP: 27/35 MP: 3/7
  1948 | D:2      | Found Utrifif's Jewellery Shoppe.
  1981 | D:2      | Reached skill level 5 in Transmutations
  2608 | D:2      | Found a faded altar of an unknown god.
  2613 | D:2      | Got Plato's Almanac of the Volcanoes
  2744 | D:3      | Reached XP level 5. HP: 26/40 MP: 1/8
  3935 | D:4      | Reached XP level 6. HP: 51/51 MP: 9/9
  4094 | D:4      | Found a glowing drain.
  4098 | Sewer    | Entered a sewer
  4284 | Sewer    | Found a white marble altar of Elyvilon.
  4508 | D:4      | Noticed Blork the orc
  4521 | D:4      | Killed Blork the orc
  4522 | D:4      | Reached skill level 5 in Unarmed Combat
  5174 | D:4      | Your scales start taking on an icy white colour.
  5174 | D:4      | Reached XP level 7. HP: 39/59 MP: 5/10
  5174 | D:4      | Gained mutation: Your flesh is cold resistant. (rC+) [White
                  | Draconian growth]
  5179 | D:4      | Learned a level 4 spell: Ice Form
  5285 | D:4      | Reached skill level 1 in Ice Magic
  5370 | D:4      | Noticed Duvessa
  5371 | D:4      | Noticed Dowan
  5384 | D:4      | Killed Duvessa
  5390 | D:4      | Killed Dowan
  5852 | D:5      | Entered Level 5 of the Dungeon
  5923 | D:5      | Noticed Prince Ribbit
  5934 | D:5      | Killed Prince Ribbit
  5935 | D:5      | Reached skill level 6 in Transmutations
  5935 | D:5      | Reached XP level 8. HP: 49/66 MP: 3/11
  6648 | D:5      | Reached skill level 7 in Transmutations
  6972 | D:5      | Found Kali's General Store.
  6976 | D:5      | Bought a scroll of blinking for 112 gold pieces
  6976 | D:5      | Bought a scroll of magic mapping for 52 gold pieces
  6976 | D:5      | Bought a scroll of fog for 30 gold pieces
  7824 | D:6      | Reached skill level 8 in Transmutations
  8091 | D:6      | Noticed a two-headed ogre
  8104 | D:6      | Killed a two-headed ogre
  8105 | D:6      | Reached skill level 5 in Dodging
  8105 | D:6      | Reached XP level 9. HP: 31/71 MP: 3/12
  8538 | D:6      | Found a staircase to the Ecumenical Temple.
  8557 | Temple   | Entered the Ecumenical Temple
  8863 | Temple   | Became a worshipper of Gozag Ym Sagoz the Greedy
  9814 | D:7      | Found a shimmering blue altar of Sif Muna.
  9816 | D:7      | Found a sparkling altar of Nemelex Xobeh.
  9822 | D:7      | Found a snail-covered altar of Cheibriados.
  9823 | D:7      | Found an ornate altar of the Wu Jian Council.
  9825 | D:7      | Found a shadowy altar of Dithmenos.
  9826 | D:7      | Found an iron altar of Okawaru.
  9832 | D:7      | Found a hide-covered altar of Uskayaw.
  9833 | D:7      | Found an ancient bone altar of Kikubaaqudgha.
 10114 | D:7      | Found a runed translucent gate.
 10114 | D:7      | Found a runed translucent gate.
 10114 | D:7      | Found a runed translucent gate.
 10114 | D:7      | Noticed MarshatheCat's ghost (novice FeCj)
 10382 | D:8      | Noticed a cyclops
 10391 | D:8      | Killed a cyclops
 10392 | D:8      | Reached skill level 5 in Fighting
 10735 | D:8      | Reached XP level 10. HP: 42/83 MP: 6/16
 11338 | D:8      | Identified a scroll of acquirement
 11338 | D:8      | Acquired a book of Transfigurations
 11346 | D:8      | Learned a level 5 spell: Irradiate
 11611 | D:9      | Reached skill level 1 in Conjurations
 11885 | D:9      | Found a staircase to the Orcish Mines.
 12285 | D:9      | Noticed a two-headed ogre
 12291 | D:9      | Killed a two-headed ogre
 12641 | D:9      | Found a staircase to the Lair.
 12773 | D:10     | Entered Level 10 of the Dungeon
 13702 | D:10     | Reached skill level 5 in Spellcasting
 13871 | D:2      | Bought the ring of Heteghut {Dex+6 Slay+3} for 781 gold
                  | pieces
 14412 | D:9      | Reached XP level 11. HP: 89/89 MP: 15/19
 14761 | D:11     | Found Xanigh's Jewellery Shop.
 14780 | D:11     | Reached skill level 9 in Transmutations
 14933 | D:11     | Noticed a centaur warrior
 14970 | D:11     | Noticed a boulder beetle
 15171 | D:11     | Noticed a seven-headed hydra
 15197 | D:11     | Killed a seven-headed hydra
 15198 | D:11     | Reached skill level 10 in Transmutations
 15666 | D:11     | Found Gegoj's Armour Boutique.
 15683 | D:11     | Killed a boulder beetle
 15684 | D:11     | Reached skill level 11 in Transmutations
 15825 | D:11     | Killed a centaur warrior
 16325 | D:11     | Learned a level 5 spell: Blade Hands
 16455 | D:11     | Found a burning altar of Makhleb.
 16455 | D:11     | Noticed a green death
 16801 | D:12     | Reached skill level 12 in Transmutations
 17115 | D:12     | Noticed a deep elf pyromancer
 17124 | D:12     | Killed a deep elf pyromancer
 17427 | D:12     | Found a frozen archway.
 17436 | IceCv    | Entered an ice cave
 17657 | IceCv    | Slain by a yak

Illustrated notes

Levels and vault maps discovered:
D:1:      heliophobic_arrival_battle_scene, layout_basic, serial_shops,
          nicolae_shop_window_shopping, shop, minmay_tetromino_i4
D:2:      layout_basic, shapermc_ecumenical_altar_rom_forum, serial_shops,
          nicolae_shop_hallway_plus, uniq_terence
D:3:      layout_loops_corners, minmay_fractal_squares_5
D:4:      layout_loops_ring, cheibrodos_sewer_entry_bend,
          hangedman_decor_slide_cut, uniq_blork_the_orc, uniq_duvessa
D:5:      kennysheep_kobold_camp, layout_basic, serial_shops,
          nicolae_diamond_shop, chequers_big_river, corexii_checkpoint_b,
          uniq_prince_ribbit1
D:6:      layout_loops_corners, minmay_temple_entry_sparse_star
D:7:      layout_gridville, nicolae_overflow_hallway_of_the_gods,
          ebering_ghost_rock_garden
D:8:      nicolae_whirlpool, layout_basic
D:9:      layout_basic, minmay_lair_entry_grove, david_orc_2, st_stairs_1
D:10:     layout_basic
D:11:     minmay_clustersquares, layout_cave_pools, serial_shops,
          shop_fountains, nicolae_diamond_shop, makhleb_altar_promises_db
D:12:     layout_irregular_city, portal_ice_cave_entry_pillars_2
Temple:   jpeg_temple_clearing
IceCv:    ice_cave_caverns_02

Skill      XL: |  1  2  3  4  5  6  7  8  9 10 11 |
---------------+----------------------------------+-----
Transmutations | 3 4 5 6 8 12 | 12.0
Fighting       | 3 4 5 6 |  6.0
Unarmed Combat | 4 5 6 7 8 9 |  9.1
Ice Magic      | 3 4 |  4.0
Dodging        | 5 6 8 |  8.0
Spellcasting   | 4 5 6 |  6.0
Conjurations   | 4 |  4.0

Action                   |  1- 3 |  4- 6 |  7- 9 | 10-12 || total
-------------------------+-------+-------+-------+-------++-------
Melee: Unarmed           |   109 |   216 |   278 |   325 ||   928
       Tailslap          |     9 |    20 |    14 |     1 ||    44
       Kick              |    15 |     9 |       |       ||    24
       Headbutt          |     5 |     3 |       |       ||     8
       Punch             |       |     3 |     3 |       ||     6
 Cast: Beastly Appendage |    24 |     8 |       |       ||    32
       Spider Form       |     2 |    14 |     9 |     1 ||    26
       Ice Form          |       |       |    21 |    31 ||    52
 Abil: End Transformatio |       |     1 |       |       ||     1
       Breathe Frost     |       |       |     4 |     2 ||     6
Evoke: Wand              |       |       |     2 |       ||     2
  Use: Scroll            |       |    12 |     4 |     7 ||    23
       Potion            |       |     2 |       |     3 ||     5
 Stab: Distracted        |       |     1 |       |     2 ||     3
       Sleeping          |       |       |     1 |     1 ||     2
Armor: Skin              |    47 |    38 |    92 |   111 ||   288
Dodge: Dodged            |    79 |   155 |   210 |   260 ||   704
